Map: Corrosion EC

Players

HoldTheDoor - Winner!

  • Race: Protoss Protoss
  • League: Diamond
  • Spawn Location: 5:00

Versus

  • Race: Zerg Zerg
  • League: Platinum
  • Spawn Location: 11:00

VOD

Have the link to the VOD?

Description

Time

  • Played on: July 14, 2018, 3:38 p.m.
  • Length: 14:26
Show
View Real Time Build Order
Export as new Build Order

HoldTheDoor Protoss - Winner!

Build Orders: Oracle Opening 

Get SALT Encoding   

  12  0:01  Probe  
  13  0:13  Probe  
  14  0:20  Pylon  
  14  0:25  Probe  
  15  0:37  Probe  
  15  0:39  Gateway  
  16  0:46  Probe  
  16  0:47  Assimilator  
  17  0:55  Probe  
  17  0:57  Assimilator  
  18  1:08  Probe  
  19  1:13  Pylon  
  19  1:20  Probe  
  20  1:32  Probe  
  21  1:42  Cybernetics Core, Probe  
  22  1:50  Probe  
  22  1:54  Pylon  
  23  2:05  Nexus  
  23  2:18  Adept  
  23  2:21  Warp Gate  
  25  2:28  Stargate  
  25  2:29  Probe  
  26  2:42  Gateway  
  26  2:50  Zealot  
  26  2:51  Probe  
  29  3:03  Probe, Pylon  
  30  3:10  Oracle  
  30  3:15  Probe  
  34  3:21  Pylon  
  34  3:22  Probe  
  35  3:30  Pylon  
  35  3:34  Probe  
  35  3:35  Probe  
  35  3:37  Oracle  
  35  3:41  Assimilator  
  37  3:46  Probe  
  41  3:50  Probe  
  41  3:55  Protoss Air Weapons Level 1  
  42  3:58  Probe  
  43  4:07  Probe  
  44  4:12  Stargate  
  44  4:14  Probe  
  45  4:19  Probe  
  46  4:30  Probe  
  47  4:31  Probe  
  47  4:36  Assimilator  
  48  4:38  Pylon  
  48  4:42  Probe  
  48  4:44  Probe  
  47  5:00  Oracle x2  
  47  5:05  Probe x2  
  49  5:13  Zealot  
  49  5:14  Zealot  
  59  5:17  Probe  
  59  5:18  Probe  
  61  5:30  Gateway  
  61  5:32  Pylon  
  61  5:33  Pylon  
  61  5:35  Pylon, Fleet Beacon  
  61  5:38  Zealot x2, Oracle  
  65  5:48  Oracle  
  71  6:02  Probe x2  
  71  6:03  Pylon  
  73  6:09  Zealot x2  
  76  6:15  Oracle  
  79  6:20  Probe x2  
  81  6:29  Gateway  
  81  6:30  Gateway  
  81  6:32  Carrier, Gateway  
  87  7:03  Graviton Catapult  
  87  7:08  Zealot x3  
  90  7:11  Carrier  
  96  7:27  Forge  
  96  7:28  Forge  
  96  7:29  Pylon  
  96  7:32  Pylon  
  96  7:44  Pylon  
  96  7:47  Nexus  
  96  7:49  Zealot, Protoss Ground Weapons Level 1  
  96  7:50  Zealot x4, Pylon  
  106  7:52  Pylon  
  106  7:55  Assimilator  
  106  8:02  Carrier  
  112  8:08  Protoss Ground Armor Level 1  
  112  8:15  Protoss Air Weapons Level 2  
  112  8:24  Probe x2  
  114  8:36  Probe x2  
  114  8:37  Carrier  
  114  8:39  Zealot  
  124  8:42  Zealot  
  124  8:48  Probe  
  127  8:53  Probe  
  128  9:00  Probe  
  129  9:08  Assimilator  
  129  9:09  Photon Cannon  
  129  9:11  Photon Cannon  
  129  9:12  Shield Battery  
  129  9:15  Pylon  
  129  9:23  Probe x2  
  129  9:24  Probe  
  130  9:25  Protoss Shields Level 1  
  130  9:27  Zealot  
  130  9:28  Zealot  
  130  9:29  Carrier  
  134  9:35  Probe  
  134  9:36  Probe x2  
  143  9:48  Probe x2  
  145  9:55  Twilight Council  
  145  10:01  Zealot x3  
  145  10:02  Zealot, Carrier  
  145  10:04  Zealot  
  161  10:16  Probe, Protoss Ground Weapons Level 2  
  161  10:17  Probe  
  161  10:18  Probe  
  164  10:22  Protoss Air Armor Level 1  
  164  10:29  Probe  
  165  10:36  Pylon  
  165  10:45  Void Ray  
  165  10:54  Probe  
  170  11:04  Nexus  
  170  11:06  Pylon  
  170  11:10  Pylon  
  170  11:12  Probe  
  170  11:13  Probe, Pylon  
  170  11:15  Protoss Shields Level 2  
  172  11:20  Charge  
  172  11:21  Assimilator  
  172  11:23  Pylon  
  172  11:25  Zealot x3  
  174  11:26  Zealot  
  174  11:27  Void Ray  
  174  11:28  Void Ray  
  188  11:44  Photon Cannon  
  188  11:46  Photon Cannon  
  188  11:48  Shield Battery  
  188  11:59  Assimilator, Pylon  
  188  12:00  Probe x2  
  190  12:14  Zealot x2  
  190  12:15  Zealot x3  
  200  12:31  Cybernetics Core  
  200  12:34  Pylon  
  200  12:38  Pylon  
  200  12:41  Pylon  
  200  12:43  Pylon  
  200  12:44  Photon Cannon  
  200  12:46  Photon Cannon  
  200  12:48  Photon Cannon  
  200  12:50  Photon Cannon  
  200  12:52  Pylon  
  200  12:55  Shield Battery  
  200  13:01  Shield Battery  
  200  13:03  Shield Battery  
  200  13:04  Photon Cannon  
  200  13:06  Pylon  
  200  13:08  Photon Cannon  
  200  13:10  Photon Cannon  
  154  13:35  Void Ray x2  
  162  13:50  Zealot x5  
  162  13:51  Zealot  
Show
View Real Time Build Order
Export as new Build Order

Versus Zerg 

Build Orders: Hatch First 

Get SALT Encoding   

  12  0:02  Drone  
  13  0:08  Drone  
  14  0:16  Overlord  
  14  0:34  Drone  
  14  0:35  Drone  
  16  0:36  Drone  
  17  0:54  Hatchery  
  17  0:56  Drone  
  17  1:05  Drone  
  18  1:14  Spawning Pool  
  17  1:22  Drone  
  18  1:35  Extractor  
  17  1:40  Overlord  
  17  1:41  Drone  
  17  1:42  Drone  
  19  1:52  Extractor  
  19  1:53  Drone  
  19  2:06  Zergling x2  
  19  2:07  Queen  
  22  2:10  Queen  
  22  2:12  Drone  
  25  2:16  Drone  
  27  2:37  Drone x3  
  27  2:39  Overlord x2  
  29  2:45  Metabolic Boost  
  29  2:49  Drone  
  30  2:57  Roach Warren  
  29  3:00  Zergling x2  
  29  3:05  Zergling x2  
  31  3:08  Drone  
  32  3:14  Evolution Chamber  
  32  3:17  Zergling x4  
  33  3:31  Drone x4  
  33  3:33  Drone  
  38  3:41  Drone x2  
  38  3:44  Overlord  
  40  3:54  Drone  
  41  4:00  Evolution Chamber  
  40  4:03  Spore Crawler  
  40  4:05  Spore Crawler  
  40  4:06  Zergling x4  
  40  4:07  Zergling x2  
  41  4:12  Zerg Missile Weapons Level 1  
  41  4:16  Drone x2  
  43  4:18  Extractor  
  43  4:23  Zergling x4  
  44  4:34  Drone x2  
  46  4:39  Drone x3  
  46  4:42  Lair  
  49  4:51  Queen  
  49  4:57  Drone x3  
  52  5:28  Extractor  
  51  5:32  Zerg Ground Armor Level 1  
  51  5:36  Spine Crawler  
  51  5:41  Hydralisk Den  
  49  5:43  Drone x3  
  49  5:44  Overlord x2  
  49  5:45  Overlord  
  49  5:48  Overseer  
  52  5:52  Pneumatized Carapace  
  52  5:56  Drone x4  
  56  5:57  Drone  
  57  6:25  Grooved Spines  
  57  6:30  Drone  
  57  6:31  Hydralisk  
  57  6:32  Hydralisk x7  
  62  6:37  Zerg Missile Weapons Level 2  
  74  6:42  Hatchery  
  71  7:01  Queen  
  71  7:04  Hydralisk  
  71  7:05  Hydralisk x4  
  71  7:07  Overlord x2  
  83  7:34  Spore Crawler  
  83  7:35  Drone x2, Spore Crawler  
  83  7:36  Drone  
  84  7:37  Muscular Augments, Spore Crawler  
  80  7:45  Hatchery  
  79  7:53  Hydralisk x4  
  79  7:54  Hydralisk  
  79  7:57  Zergling x2  
  79  7:58  Zergling x2  
  91  7:59  Overlord  
  91  8:16  Spire  
  90  8:21  Overlord x2  
  90  8:31  Hydralisk  
  92  8:34  Overlord x2  
  92  8:37  Overseer  
  92  8:43  Hatchery  
  91  8:55  Hydralisk x4  
  93  8:56  Hydralisk  
  93  9:00  Drone  
  102  9:19  Extractor  
  92  9:25  Extractor  
  92  9:29  Zerg Flyer Weapons Level 1  
  92  9:30  Queen  
  93  9:31  Drone  
  93  9:32  Drone x2  
  96  9:40  Corruptor  
  96  9:41  Corruptor x2  
  102  9:47  Drone  
  102  9:51  Drone x3  
  106  9:56  Queen  
  106  9:57  Drone  
  109  10:14  Corruptor  
  109  10:15  Corruptor x3  
  109  10:18  Zergling x2  
  109  10:19  Zergling x2  
  119  10:22  Drone  
  119  10:25  Drone x2  
  122  10:35  Infestation Pit  
  121  10:39  Zerg Ground Armor Level 2  
  122  10:42  Drone  
  122  10:43  Drone x2  
  122  10:46  Drone  
  122  10:47  Drone  
  126  10:55  Drone x3  
  126  10:56  Overlord x2  
  129  10:57  Overlord  
  129  11:01  Hydralisk, Zergling x2  
  129  11:03  Roach  
  134  11:13  Overlord  
  134  11:14  Overlord  
  134  11:15  Overlord  
  134  11:17  Overlord  
  134  11:21  Spore Crawler  
  133  11:26  Drone x3  
  133  11:27  Corruptor, Drone  
  133  11:28  Corruptor  
  141  11:34  Zerg Flyer Armor Level 1  
  141  11:50  Extractor  
  140  11:58  Corruptor x3  
  140  11:59  Corruptor x2  
  150  12:09  Roach x7  
  164  12:26  Extractor  
  163  12:30  Drone x3  
  163  12:35  Corruptor  
  163  12:36  Corruptor x3  
  163  12:37  Corruptor  
  174  12:39  Overlord  
  176  12:52  Hive  
  176  13:04  Spire  
  92  13:28  Hydralisk x7  
  92  13:29  Hydralisk x7  
  106  13:37  Drone  
  106  13:39  Drone  
  108  13:44  Hydralisk  
  108  13:45  Hydralisk x4  
Tags
 
Add a new tag
Caveats
  • Supply blocks, unpowered buildings, or Contaminate may cause inaccurate times.
  • Supply counts are checked every 10 seconds.